 Dungeon Crawl Stone Soup version 0.32-a0-791-gfc315c9ecd (webtiles) character file.

Game seed: 45976135339257688

45481 pblur the Warrior (level 14, -8/123 HPs)
             Began as a Coglin Wanderer on Mar 20, 2024.
             Was an Elder of Uskayaw.
             Killed from afar by a hell hound (12 damage)
             ... with a blast of flame
             ... on level 5 of the Lair of Beasts.
             The game lasted 01:05:04 (21268 turns).

pblur the Warrior (Coglin Wanderer)                Turns: 21268, Time: 01:05:04

Health: -8/123     AC: 21    Str: 14    XL:     14   Next: 33%
Magic:  14/16      EV: 13    Int: 13    God:    Uskayaw [****..]
Gold:   1796       SH:  0    Dex: 17    Spells: 11/16 levels left

rFire   . . .        A - +5 dagger {Belessunu}
rCold   + . .        F - +1 dagger (drain) {Soledad}
rNeg    . . .        t - +2 scale mail of Orchaesowi {rElec Will+ Int-2}
rPois   .            C - +2 helmet
rElec   +            H - +2 cloak
rCorr   .            f - +2 pair of gloves of Existentialism {rElec Str+3 Stlth+}
SInv    .            (no boots)
Will    ++...        (amulet unavailable)
Stlth   ++           (ring unavailable)
HPRegen 0.40/turn    (ring unavailable)
MPRegen 0.55/turn    Q - gyroscope NW-30 {RevMP, rC+ Slay+3}

%: no passive effects
@: revving
A: off-hand wielding, slow wielding, warmup strikes, no jewellery
a: Renounce Religion, Stomp, Line Pass


You were on level 5 of the Lair of Beasts.
You worshipped Uskayaw.
Uskayaw was noncommittal.
You visited 2 branches of the dungeon, and saw 15 of its levels.
You also visited: Sewer and Bailey.

You collected 1796 gold pieces.

Inventory:

Hand Weapons
 A - a +5 dagger (weapon) {Belessunu}
 F - a +1 dagger of draining (offhand) {Soledad}
 J - a +0 broad axe
 L - a +0 broad axe
 O - the +7 sling of the Eleven Blessings {flame, rElec Str+3 Int+4 Dex-5}
   (You found it on level 2 of the Lair of Beasts)

   Str+3:     It affects your strength (+3).
   Int+4:     It affects your intelligence (+4).
   Dex-5:     It affects your dexterity (-5).
   rElec:     It insulates you from electricity.
 S - a +0 scimitar
Missiles
 a - a curare-tipped dart
 w - 17 poisoned darts
Armour
 d - a +0 helmet
 f - the +2 pair of gloves of Existentialism (worn) {rElec Str+3 Stlth+}
   (You acquired it on level 3 of the Dungeon)

   Str+3:     It affects your strength (+3).
   rElec:     It insulates you from electricity.
   Stlth+:    It makes you more stealthy.
 t - the +2 scale mail of Orchaesowi (worn) {rElec Will+ Int-2}
   (You found it on level 6 of the Dungeon)

   Int-2:     It affects your intelligence (-2).
   rElec:     It insulates you from electricity.
   Will+:     It increases your willpower.
 z - a +3 leather armour of fire resistance
 C - a +2 helmet (worn)
 H - a +2 cloak (worn)
Gizmo
 Q - a gyroscope NW-30 (installed) {RevMP, rC+ Slay+3}
   (You invented it yourself on level 5 of the Lair of Beasts)

   [gyroscope NW-30]

   RevMP:     Your magic regeneration increases greatly based on how Revved you
   are.
   Slay+3:    It affects your accuracy & damage with ranged weapons and melee
   (+3).
   rC+:       It protects you from cold.
Wands
 e - a wand of flame (19)
 j - a wand of digging (3)
 r - a wand of paralysis (8)
 B - a wand of mindburst (9)
 I - a wand of roots (6)
Scrolls
 b - 3 scrolls of revelation
 c - 5 scrolls of noise
 g - 6 scrolls of teleportation
 h - 2 scrolls of vulnerability
 k - 5 scrolls of fog
 o - 2 scrolls of amnesia
 p - a scroll of brand weapon
 q - a scroll of torment
 s - a scroll of enchant weapon
 v - a scroll of summoning {unknown}
 y - 5 scrolls of enchant armour
 E - a scroll of immolation {unknown}
 G - a scroll of fear
 K - a scroll of poison {unknown}
Potions
 i - a potion of ambrosia {unknown}
 n - 4 potions of mutation
 u - a potion of resistance
 D - 3 potions of attraction
 M - a potion of brilliance
 N - a potion of lignification {unknown}
 P - a potion of enlightenment {unknown}
 R - a potion of heal wounds {unknown}


   Skills:
 - Level 15.0 Fighting
 - Level 10.0 Short Blades
 - Level 0.2 Ranged Weapons
 - Level 10.4 Armour
 - Level 10.0 Dodging
 + Level 4.3 Stealth
 - Level 1.8 Spellcasting
 - Level 2.6 Necromancy
 - Level 3.3 Alchemy
 - Level 3.0 Evocations


You had 11 spell levels left.
You knew the following spells:

 Your Spells              Type           Power      Damage    Failure   Level
a - Necrotise             Necr           32%        1d5       28%         1
b - Cigotuvi's Dreadful   Necr/Alch/Air  12%        N/A       50%         2
c - Mercury Vapours       Alch/Air       10%        N/A       54%         2

Your spell library contained the following spells:

 Spells                   Type           Power      Damage    Failure   Level
 Sting                    Conj/Alch      20%        1d4       38%         1
 Apportation              Tloc           2%         N/A       63%         1
 Foxfire                  Conj/Fire      4%         2x1d4     63%         1
 Slow                     Hex            4%         N/A       63%         1
 Summon Small Mammal      Summ           4%         N/A       63%         1
 Fugue of the Fallen      Necr           8%         N/A       63%         3
 Vampiric Draining        Necr           8%         2d6       63%         3
 Blink                    Tloc           2%         N/A       77%         2
 Lesser Beckoning         Tloc           2%         N/A       77%         2
 Momentum Strike          Conj/Tloc      2%         3d8       77%         2
 Static Discharge         Conj/Air       2%         3-4/arc   77%         2
 Mephitic Cloud           Conj/Alch/Air  4%         N/A       85%         3
 Olgreb's Toxic Radiance  Alch           9%         N/A       91%         4
 Call Canine Familiar     Summ           1%         N/A       94%         3
 Confusing Touch          Hex            1%         N/A       94%         3
 Ignite Poison            Fire/Alch      5%         N/A       99%         4
 Leda's Liquefaction      Alch/Erth      2%         N/A       99%         4
 Martyr's Knell           Necr/Summ      4%         N/A       99%         4
 Petrify                  Alch/Erth      5%         N/A       99%         4
 Airstrike                Air            0%         2d(1-17)  100%        4
 Summon Blazeheart Golem  Fire/Summ      1%         N/A       100%        4
 Summon Lightning Spire   Summ/Air       1%         N/A       100%        4
 Freezing Cloud           Conj/Ice/Air   0%         6-21      100%        5
 Metabolic Englaciation   Hex/Ice        0%         N/A       100%        5
 Plasma Beam              Fire/Air       0%         2x1d10    100%        6
 Starburst                Conj/Fire      0%         6d3       100%        6


Dungeon Overview and Level Annotations

Branches:
Dungeon (10/15)            Temple (0/1) D:7            Lair (5/5) D:8
  Swamp (0/4) Lair:2       Spider (0/4) Lair:3        Slime (0/5) Lair:5
    Orc (0/2) D:9           Sewer (visited)          Bailey (visited)

Altars:
Gozag
Hepliaklqana
Okawaru
Sif Muna
Uskayaw
Wu Jian
Beogh

Annotations:
D:3 1 runed translucent door, Jefftoothebobb's ghost, weakling DsGl
Lair:2 exclusion: oklob plant
Lair:5 2 runed translucent doors, Nessos


Innate Abilities, Weirdness & Mutations

You can wield a second weapon in your off-hand.
It takes a long time for you to wield or remove held weapons.
Your first few attacks do less damage.
You cannot equip rings or amulets.


Message History

Unknown command.
Unknown command.
Aiming: Grand Finale
Press: ? - help, Shift-Dir - straight line, f/p - seven-headed hydra
Aim: a seven-headed hydra (heavily wounded, lightly drained)
Okay, then.
Aiming: Line Pass
Press: ? - help, Dir - move target, p - seven-headed hydra The seven-headed hydra appears confused.
You can no longer merge with and destroy a victim.
The hell hound bites you but does no damage.
The seven-headed hydra closely misses you.
The seven-headed hydra bites you but does no damage.
The seven-headed hydra closely misses you.
The seven-headed hydra bites you.
* * * LOW HITPOINT WARNING * * *
The seven-headed hydra bites you but does no damage.
The seven-headed hydra bites you.
* * * LOW HITPOINT WARNING * * *
The seven-headed hydra bites you but does no damage.
Unknown command.
You feel better.
The seven-headed hydra seems less confused.
The hell hound bites you.
* * * LOW HITPOINT WARNING * * *
The seven-headed hydra bites you but does no damage. x2
The seven-headed hydra bites you!
* * * LOW HITPOINT WARNING * * *
The seven-headed hydra barely misses you.
The seven-headed hydra closely misses you.
The seven-headed hydra bites you but does no damage. x2
The hell hound closely misses you.
Blink to where?
Press: ? - help, Dir - move target
Found a wand of paralysis (2).
As you read the scroll of blinking, it crumbles to dust.
The hell hound breathes flames at you. The blast of flame hits you!
You die...
Your body falls in perfect tune with the rhythm.

# ≈≈≈≈.....≈≈§§### ###...........
≈.§....§...§§≈§## ###.........
§##........D§.§...#### ##........
§ ##..§..≈..h........####......÷.
##≈≈.§§≈.§§..........#........ #
≈§≈§.§≈≈≈§#.........###.......
##§§≈##++##≈§≈#......#####.......
.##≈##....##§≈#.....## ##........
..#§#.....h#§≈§.@...# #.........
.§#≈#c.. .c#§≈......# #.........
.§§≈#h. ..#≈#......#.###........
≈§§§#!$ /.#§≈#......# #...†....
#§§§## .##≈§##§##ß#.# #........
..≈≈.######§§§§..###### ##..†....
.÷#≈≈§≈§≈§§#≈≈.§≈≈# #.......
..÷§.§§§§§≈##≈).≈§##≈≈ ##.......
.#..###≈§≈..##†§≈≈≈≈≈# ##........


You could see Nessos, a seven-headed hydra (drained) and a hell hound (catching
breath).

Vanquished Creatures
  4 hydras
  2 boulder beetles
  A two-headed ogre (D:10)
  A tengu warrior (D:8)
  Nergalle (Lair:1)
  2 skysharks
  A lindwurm (Lair:5)
  A spectral hydra (Lair:2)
  A deep elf pyromancer (D:9)
  An ugly thing (D:10)
  13 elephants
  11 black mambas
  2 torpor snails
  3 molten gargoyles (Lair:5)
  13 cane toads
  2 kobold demonologists (Bailey)
  11 komodo dragons
  Jeremiah (D:7)
  A polar bear (Lair:4)
  4 trolls
  10 blink frogs
  A spectral elephant (Lair:2)
  A hornet (D:8)
  4 wyverns
  3 steam dragons
  48 yaks
  4 basilisks
  A spectral cane toad (Lair:2)
  3 hell hounds (Lair:5)
  16 water moccasins
  Duvessa (D:5)
  An acid dragon (D:8)
  2 sky beasts
  13 orc warriors
  An ice beast (D:5)
  2 ogres
  4 black bears
  3 wolves (Lair:4)
  3 centaurs
  3 phantoms
  A spectral basilisk (Lair:2)
  4 kobold brigands
  2 brain worms (Sewer)
  20 bullfrogs
  5 scorpions
  6 wights (D:8)
  Dowan (D:5)
  4 killer bees (D:10)
  4 electric eels (Bailey)
  3 howler monkeys
  4 lava snakes (Lair:5)
  2 bombardier beetles
  3 hounds
  7 orc priests
  2 jellies (D:5)
  7 iguanas
  A sleepcap (D:7)
  5 orc wizards
  3 hell rats (Lair:5)
  12 gnolls
  15 adders
  5 river rats
  A white imp (D:7)
  2 ufetubi (D:6)
  2 dart slugs
  2 ribbon worms (D:3)
  33 orcs
  4 bats
  6 endoplasms
  6 giant cockroaches
  16 goblins
  16 hobgoblins
  A jackal (Sewer)
  2 quokkas (D:1)
  8 ball pythons
  8 frilled lizards
  22 kobolds
  12 rats
457 creatures vanquished.

Vanquished Creatures (collateral kills)
  A goblin (D:1)
  A kobold (D:2)
2 creatures vanquished.

Vanquished Creatures (others)
  A lava snake (Lair:5)
1 creature vanquished.

Grand Total: 460 creatures vanquished

Notes
Turn   | Place    | Note
-------+----------+-------------------------------------------
     0 | D:1      | pblur the Coglin Wanderer began the quest for the Orb.
     0 | D:1      | pblur set off with the following items: a +0 dagger
                  | {Gottfried}, a potion of curing, a +0 robe, a +0 helmet, a
                  | +0 dagger {Aiguo}; and the following spell memorised:
                  | Necrotise; and the following spells available to memorise:
                  | Cigotuvi's Dreadful Rot, Mercury Vapours, Fugue of the
                  | Fallen, Martyr's Knell.
     0 | D:1      | Reached XP level 1. HP: 13/13 MP: 3/3
   134 | D:1      | Reached XP level 2. HP: 15/19 MP: 2/4
   595 | D:1      | Reached skill level 1 in Short Blades
   876 | D:2      | Learned a level 2 spell: Cigotuvi's Dreadful Rot
   910 | D:2      | Reached XP level 3. HP: 15/23 MP: 3/5
  1310 | D:2      | Found a faded altar of an unknown god.
  1346 | D:2      | Prayed at the altar of an unknown god.
  1346 | D:2      | Became a worshipper of Uskayaw the Reveller
  1346 | D:2      | Reached * piety under Uskayaw
  1479 | D:2      | Found an ornate altar of the Wu Jian Council.
  1638 | D:3      | Reached skill level 1 in Fighting
  1781 | D:3      | Reached ** piety under Uskayaw
  1800 | D:3      | Reached XP level 4. HP: 32/32 MP: 6/6
  1889 | D:3      | Found a runed translucent door.
  1898 | D:3      | Noticed Jefftoothebobb's ghost (weakling DsGl)
  1969 | D:3      | Identified a scroll of acquirement
  1971 | D:3      | Acquired the +2 pair of gloves of Existentialism {rElec
                  | Str+3 Stlth+}
  2115 | D:3      | Reached skill level 2 in Fighting
  2249 | D:3      | Reached *** piety under Uskayaw
  2254 | D:3      | Reached **** piety under Uskayaw
  2724 | D:4      | Reached XP level 5. HP: 9/38 MP: 0/7
  2995 | D:3      | Reached XP level 6. HP: 9/44 MP: 8/8
  3464 | D:4      | Reached skill level 5 in Short Blades
  3765 | D:4      | Reached XP level 7. HP: 25/50 MP: 2/9
  4099 | D:5      | Entered Level 5 of the Dungeon
  4519 | D:5      | Reached skill level 3 in Fighting
  4531 | D:5      | Reached skill level 4 in Fighting
  4531 | D:5      | Reached XP level 8. HP: 32/60 MP: 10/10
  4539 | D:5      | Noticed Dowan
  4540 | D:5      | Noticed Duvessa
  4618 | D:5      | Found a glowing drain.
  4654 | Sewer    | Entered a sewer
  5722 | D:5      | Learned a level 2 spell: Mercury Vapours
  5732 | D:5      | Killed Dowan
  5742 | D:5      | Killed Duvessa
  6903 | D:6      | Reached XP level 9. HP: 65/65 MP: 11/11
  6951 | D:6      | Identified the flux talisman of Misier {rElec Str-3 SInv}
  7060 | D:6      | Acquired 549 gold pieces
  7308 | D:6      | Noticed a troll
  7367 | D:6      | Killed a troll
  7543 | D:6      | Found an opulent altar of Gozag.
  7603 | D:6      | Identified the +2 scale mail of Orchaesowi {rElec Will+
                  | Int-2}
  7772 | D:7      | Noticed Jeremiah
  7780 | D:7      | Killed Jeremiah
  7781 | D:7      | Reached skill level 10 in Short Blades
  7917 | D:7      | Found a hazy altar of Hepliaklqana.
  8080 | D:7      | Found a staircase to the Ecumenical Temple.
  8240 | D:7      | Reached skill level 5 in Fighting
  8415 | D:8      | Found a staircase to the Lair.
  8415 | D:8      | Noticed an elephant
  8436 | D:7      | Killed an elephant
  8437 | D:7      | Reached skill level 6 in Fighting
  8437 | D:7      | Reached XP level 10. HP: 46/76 MP: 12/12
  9022 | D:8      | Reached skill level 5 in Armour
  9268 | D:8      | Noticed a tengu warrior
  9445 | D:8      | Reached ***** piety under Uskayaw
  9447 | D:8      | Reached skill level 7 in Fighting
  9720 | D:8      | Paralysed by a hornet for 2 turns
  9951 | D:8      | Reached skill level 8 in Fighting
 10478 | D:8      | Killed a tengu warrior
 10479 | D:8      | Reached skill level 9 in Fighting
 10816 | D:9      | Reached XP level 11. HP: 55/89 MP: 13/13
 10978 | D:9      | Identified the +2 battleaxe "Tetaucec" {elec, Str+6}
 11000 | D:8      | Reached skill level 10 in Fighting
 11570 | D:9      | Found a staircase to the Orcish Mines.
 11576 | D:9      | Found a roughly hewn altar of Beogh.
 11648 | D:9      | Noticed a deep elf pyromancer
 11660 | D:9      | Killed a deep elf pyromancer
 11757 | D:9      | Reached skill level 5 in Dodging
 11884 | D:9      | Found a shimmering blue altar of Sif Muna.
 11986 | D:10     | Entered Level 10 of the Dungeon
 11994 | D:10     | Identified the +8 bardiche "Pockaul" {flame, ^Contam rElec
                  | rPois Str+3}
 12033 | D:10     | Reached ****** piety under Uskayaw
 12084 | D:10     | Noticed a two-headed ogre
 12086 | D:10     | Found a flagged portal.
 12090 | D:10     | Noticed a green ugly thing
 12102 | D:10     | Killed a green ugly thing
 12107 | D:10     | Killed a two-headed ogre
 12212 | Bailey   | Entered a bailey
 12629 | Bailey   | Found an iron altar of Okawaru.
 12654 | Bailey   | Noticed a sun demon
 12686 | Bailey   | Identified the +0 leather armour of the Taurataur {rElec
                  | rPois rF- Regen+}
 12687 | Bailey   | Identified the +1 leather armour of the Unbroken {rElec rF-
                  | Int+5 SInv}
 13125 | D:10     | Noticed a lindwurm
 13155 | D:10     | Noticed a lindwurm
 13220 | Lair:1   | Entered Level 1 of the Lair of Beasts
 13365 | Lair:1   | Noticed a skyshark
 13368 | Lair:1   | Noticed Nergalle
 13379 | Lair:1   | Killed Nergalle
 13380 | Lair:1   | Reached XP level 12. HP: 74/97 MP: 14/14
 13381 | Lair:1   | Killed a skyshark
 14357 | Lair:2   | Noticed a skyshark
 14368 | Lair:2   | Killed a skyshark
 14686 | Lair:2   | Identified the +7 sling of the Eleven Blessings {flame,
                  | rElec Str+3 Int+4 Dex-5}
 14934 | Lair:2   | Noticed an eight-headed hydra
 14944 | Lair:2   | Killed an eight-headed hydra
 14950 | Lair:2   | Noticed a boulder beetle
 15246 | Lair:2   | Killed a boulder beetle
 15247 | Lair:2   | Reached skill level 10 in Armour
 15620 | Lair:2   | Reached XP level 13. HP: 92/103 MP: 15/15
 15626 | Lair:2   | Found a staircase to the Swamp.
 16157 | Lair:3   | Reached skill level 10 in Dodging
 16236 | Lair:3   | Reached skill level 11 in Fighting
 16710 | Lair:3   | Found a hole to the Spider Nest.
 17341 | Lair:3   | Reached skill level 12 in Fighting
 17856 | Lair:4   | Reached skill level 13 in Fighting
 18161 | Lair:4   | Found an iron altar of Okawaru.
 18377 | Lair:5   | Entered Level 5 of the Lair of Beasts
 18410 | Lair:5   | Found a staircase to the Slime Pits.
 19113 | Lair:5   | Reached skill level 14 in Fighting
 19554 | Lair:4   | You fall into a shaft and drop 1 floor!
 19571 | Lair:5   | Reached XP level 14. HP: 81/121 MP: 16/16
 19571 | Lair:5   | Acquired a gyroscope NW-30 {RevMP, rC+ Slay+3}
 20484 | Lair:4   | Reached skill level 15 in Fighting
 20797 | Lair:5   | Found a large runed translucent door.
 21080 | Lair:5   | Noticed Nessos
 21248 | Lair:5   | Found a large runed translucent door.
 21266 | Lair:5   | HP: 3/123 [seven-headed hydra (9)]
 21268 | Lair:5   | Killed from afar by a hell hound

Illustrated notes

Levels and vault maps discovered:
D:1:      dpeg_arrival_tiny_i, layout_loops_ring
D:2:      layout_basic, basic_altar, shapermc_ecumenical_altar_totnotflames
D:3:      layout_basic, ebering_ghost_sewer_d
D:4:      layout_loops_ring, dreamdust_wishing_well, nicolae_half_adder
D:5:      layout_basic, gup_sewer_entry_glass, water_maze_lemuel, uniq_duvessa
D:6:      layout_cave_pools, kennysheep_mini, minivault_10
D:7:      layout_cave_pools, worldfamousw_hep_ancestral_shrine,
          minmay_temple_entry_enclosed_plants, uniq_jeremiah
D:8:      kennysheep_blocky_room, layout_cave_pods, david_lair_generic,
          serial_column_ruins, column_ruins_square_huge, column_ruins_hut,
          column_ruins_open_small_water, column_ruins_corridor_water,
          column_ruins_open_tiny, column_ruins_grid_2
D:9:      layout_cross, mainiacjoe_overflow_six_doors_small,
          minmay_orc_entry_temple_small, hangedman_decor_diamond_cutter,
          amcnicky_mini_corridor_feature
D:10:     layout_rooms, gammafunk_temple_overflow_elements, enter_bailey_3,
          statue_in_the_mist_lemuel, minmay_lindwurm_lava
Lair:1:   layout_chaotic_city, uniq_nergalle
Lair:2:   layout_chaotic_city, nicolae_swamp_entry_spooky, serial_bayou_pond_a,
          st_stairs_10, beast_lair_carwin_6
Lair:3:   layout_roguey, spider_nest_entry_web_field
Lair:4:   layout_long_grid, basic_altar, serial_bayou_shore_b,
          lemuel_fruit_fields
Lair:5:   cheibrodos_lair_end_hotspot, layout_regular_city,
          minmay_slime_entry_oklob_open, kennysheep_abandoned_house, uniq_nessos

Skill      XL: |  1  2  3  4  5  6  7  8  9 10 11 12 13 14 |
---------------+-------------------------------------------+-----
Short Blades   | 1 2 3 4 5 6 7 10 | 10.0
Fighting       | 1 2 4 6 9 10 14 15 | 15.0
Evocations     | 2 3 |  3.0
Dodging        | 4 7 9 10 | 10.0
Armour         | 3 5 7 10 | 10.4
Stealth        | 4 |  4.3
Ranged Weapons | |  0.2
Spellcasting   | |  1.8
Necromancy     | |  2.6
Alchemy        | |  3.3

Action                     |  1- 3 |  4- 6 |  7- 9 | 10-12 | 13-15 || total
---------------------------+-------+-------+-------+-------+-------++-------
  Melee: Dagger            |   179 |    80 |    87 |  1581 |  1602 ||  3529
         Rapier            |    26 |   126 |   200 |       |       ||   352
         Long sword        |       |    41 |   290 |    92 |       ||   423
   Cast: Necrotise         |    17 |     4 |       |       |       ||    21
         Cigotuvi's Dreadf |     1 |     2 |     3 |       |       ||     6
         Mercury Vapours   |       |       |     7 |       |       ||     7
 Invoke: Stomp             |       |     5 |     2 |     1 |     2 ||    10
         Line Pass         |       |       |       |     2 |     2 ||     4
Ability: Invent Gizmo      |       |       |       |       |     1 ||     1
  Evoke: Wand              |       |       |     2 |     4 |       ||     6
    Use: Scroll            |     1 |     7 |    10 |    10 |     3 ||    31
         Potion            |       |     2 |     1 |     3 |     8 ||    14
   Stab: Sleeping          |     2 |     5 |     5 |     2 |       ||    14
         Paralysed         |       |     2 |    10 |    43 |    37 ||    92
         Distracted        |       |       |     1 |       |       ||     1
         Invisible         |       |       |       |     5 |     9 ||    14
         Confused          |       |       |       |     1 |     2 ||     3
 Armour: Robe              |    64 |    23 |       |       |       ||    87
         Leather armour    |       |    72 |   142 |       |       ||   214
         Scale mail        |       |       |    50 |   450 |   504 ||  1004
  Dodge: Dodged            |    56 |    60 |   176 |   353 |   411 ||  1056

Table legend: (Time is in decaauts)
 A = Elapsed time spent in this place.
 B = Non-inter-level travel time spent in this place.
 C = Inter-level travel time spent in this place.
 D = Time resting spent in this place.
 E = Time spent auto-exploring this place.
 F = Levels seen in this place.
 G = Mean time per level.
                   A        B        C        D        E       F      G
               +--------+--------+--------+--------+--------+-----+--------+
         Total |  20582 |  19893 |    689 |   4973 |  10551 |  17 | 1210.7 |
       Dungeon |  11672 |  11222 |    450 |   2902 |   5943 |  10 | 1167.2 |
          Lair |   7466 |   7227 |    239 |   1837 |   4049 |   5 | 1493.2 |
         Sewer |    944 |    944 |      0 |    180 |    496 |   1 |  944.0 |
        Bailey |    498 |    498 |      0 |     53 |     62 |   1 |  498.0 |
               +--------+--------+--------+--------+--------+-----+--------+

Top non-repeatable levels by time:
     D:8: 2463 daAuts
  Lair:5: 2165 daAuts
     D:5: 1958 daAuts
  Lair:2: 1579 daAuts
  Lair:4: 1485 daAuts
     D:3: 1346 daAuts
  Lair:1: 1148 daAuts
     D:4: 1124 daAuts
  Lair:3: 1087 daAuts
   Sewer: 944 daAuts
     D:7: 935 daAuts
     D:6: 893 daAuts
     D:1: 816 daAuts
     D:2: 811 daAuts
     D:9: 748 daAuts
